 Dungeon Crawl Stone Soup version 0.19-a0-1792-g28b16ba (webtiles) character file.

140 Alarkh the Grave Robber (level 5, -6/35 HPs)
             Began as a Mummy Necromancer on Oct 4, 2016.
             Mangled by Sigmund
             ... wielding a +0 scythe
              (8 damage)
             ... on level 2 of the Dungeon.
             The game lasted 00:02:49 (2099 turns).

Alarkh the Grave Robber (Mummy Necromancer)         Turns: 2099, Time: 00:02:49

Health: -6/35      AC:  2    Str: 11    XL:     5   Next: 2%
Magic:  1/10       EV: 12    Int: 15    God:
Gold:   64         SH:  0    Dex: 13    Spells: 3 memorised, 3 levels left

rFire  x . .     SeeInvis .     d - +0 dagger (venom)
rCold  + . .     Gourm    .     a - +0 robe
rNeg   + + +     Faith    .     (no shield)
rPois  ∞         Spirit   .     (no helmet)
rElec  .         Dismiss  .     (no cloak)
rCorr  .         Reflect  .     (no gloves)
MR     .....     Harm     .     (no boots)
Stlth  ++........               (no amulet)
                                (no ring)
                                (no ring)

@: very slightly contaminated
A: no food or potions, fire vulnerability, cold resistance 1, negative energy
resistance 3, torment resistance, unbreathing
a: no special abilities


You were on level 2 of the Dungeon.
You were not hungry.

You visited 1 branch of the dungeon, and saw 3 of its levels.

You collected 64 gold pieces.

Inventory:

Hand Weapons
 d - a +0 dagger of venom (weapon)
 e - a +1 dagger of venom
 k - a +0 quarterstaff
Armour
 a - a +0 robe (worn)
Scrolls
 c - 2 scrolls of fog {unknown}
 f - a scroll of fear {unknown}
 g - a scroll of random uselessness {unknown}
 h - a scroll of noise {unknown}
 i - a scroll of immolation {unknown}
 j - 2 scrolls of identify {unknown}
 l - 3 scrolls of teleportation {unknown}
Books
 b - a book of Necromancy

   Spells                             Type                      Level
   a - Pain                           Necromancy                   1
   b - Animate Skeleton               Necromancy                   1
   c - Vampiric Draining              Necromancy                   3
   d - Regeneration                   Charms/Necromancy            3
   e - Animate Dead                   Necromancy                   4
   f - Control Undead                 Necromancy                   4


   Skills:
 - Level 1.5 Dodging
 - Level 1.5 Stealth
 + Level 3.8 Spellcasting
 + Level 5.2 Necromancy


You had 3 spell levels left.
You knew the following spells:

 Your Spells              Type           Power        Failure   Level  Hunger
a - Pain                  Necr           ###.         1%          1    N/A
b - Vampiric Draining     Necr           ###.......   10%         3    N/A
c - Control Undead        Necr           ###.......   24%         4    N/A

Dungeon Overview and Level Annotations

Branches:
Dungeon (3/15)

Altars:
Ashenzari
Cheibriados
Dithmenos
Nemelex Xobeh
Qazlal
Uskayaw

Annotations:
D:2 Sigmund


Innate Abilities, Weirdness & Mutations

You do not eat or drink.
Your flesh is vulnerable to fire.
You are immune to poison.
Your flesh is cold resistant. (rC+)
You are immune to negative energy. (rN+++)
You are immune to unholy pain and torment.
You can survive without breathing.


Message History

Casting: Vampiric Draining
Confirm with . or Enter, or press ? or * to list all spells.
Aiming: Vampiric Draining
Press: ? - help, Shift-Dir - straight line You feel life coursing into your body.
You hear a zap.
Something tries to affect you, but you resist.
Casting: Vampiric Draining
Confirm with . or Enter, or press ? or * to list all spells.
Aiming: Pain
Press: ? - help, Shift-Dir - straight line Nothing appears to happen.
Something hits you!
* * * LOW HITPOINT WARNING * * *
Okay, then.
You barely miss something. Something hits you!
* * * LOW HITPOINT WARNING * * *
You barely miss something. You closely miss something.
Something completely misses you.
You miss something. Something hits you!
You die...

##..####...................##..##
.##.####.####.####........##...).
..#.##...# ##.####...#..#........
###.##.### #....##...##...##.....
#...##.# #....#######.....†....
#......### #....#######..........
#.%......###.....#...............
####.#.#).#......................
#..#.#.#.......{@........###(....
##.......................# #.....
#####.##................# #.....
#.###...............# ###### #.#
#....>..........# #.#
#...............# #.#
##.............## ###
##......####### ######..######


There were no monsters in sight!

Vanquished Creatures
  Natasha (D:3)
  6 adders
  A worm (D:2)
  3 dart slugs
  5 leopard geckos
  An orc (D:3)
  5 bats
  2 giant cockroaches
  6 goblins
  5 hobgoblins
  3 jackals (D:2)
  A quokka (D:3)
  7 frilled lizards
  2 kobolds
  2 rats (D:3)
50 creatures vanquished.

Notes
Turn   | Place    | Note
-------+----------+-------------------------------------------
     0 | D:1      | Alarkh the Mummy Necromancer began the quest for the Orb.
     0 | D:1      | Reached XP level 1. HP: 13/13 MP: 3/3
   358 | D:1      | Reached XP level 2. HP: 9/19 MP: 1/5
   690 | D:2      | Reached XP level 3. HP: 11/24 MP: 0/7
   695 | D:2      | Learned a level 3 spell: Vampiric Draining
   767 | D:2      | Found a sparkling altar of Nemelex Xobeh.
   770 | D:2      | Found a stormy altar of Qazlal.
   770 | D:2      | Found a hide-covered altar of Uskayaw.
  1172 | D:2      | Found a shattered altar of Ashenzari.
  1478 | D:2      | Reached XP level 4. HP: 22/30 MP: 0/8
  1494 | D:2      | Found a shadowy altar of Dithmenos.
  1494 | D:2      | Found a snail-covered altar of Cheibriados.
  1818 | D:3      | Reached skill level 5 in Necromancy
  1866 | D:3      | Noticed Natasha
  1867 | D:3      | Noticed Sigmund
  1878 | D:3      | Killed Natasha
  1982 | D:3      | Reached XP level 5. HP: 24/35 MP: 8/10
  2086 | D:2      | Learned a level 4 spell: Control Undead
  2096 | D:2      | HP: 1/35 [something (9)]
  2099 | D:2      | Mangled by Sigmund

Vault maps used:
D:1:      enne_arrival_octagon_isle, minmay_liquid_box
D:2:      grunt_temple_overflow_open, gammafunk_temple_overflow_wave,
          grunt_ministairs_14
D:3:      first_bread, minmay_checkerbox, uniq_natasha, uniq_sigmund

Skill      XL: |  1  2  3  4 |
---------------+-------------+-----
Spellcasting   | 3 |  3.8
Necromancy     | 5 |  5.2
Dodging        | |  1.5
Stealth        | |  1.5

Action                   |  1- 3 |  4- 6 || total
-------------------------+-------+-------++-------
Melee: Unarmed           |    19 |       ||    19
       Dagger            |    36 |    25 ||    61
 Cast: Pain              |    58 |    33 ||    91
       Vampiric Draining |       |     1 ||     1
 Stab: Sleeping          |       |     1 ||     1
Armor: Robe              |    20 |     5 ||    25
Dodge: Dodged            |    53 |    30 ||    83
